 Dungeon Crawl Stone Soup version 0.30-a0-292-g0f741e3f8e (webtiles) character file.

Game seed: 14823239925127882256

383 mopl the Insei (level 7, 0/47 HPs)
             Began as a Djinni Transmuter on Oct 17, 2022.
             Splashed by a jelly's acid (6 damage)
             ... on level 4 of the Dungeon.
             The game lasted 00:05:18 (2355 turns).

mopl the Insei (Djinni Transmuter)                  Turns: 2355, Time: 00:05:20

Health: 0/47       AC: -2    Str: 11    XL:     7   Next: 5%
Gold:   173        EV: 12    Int: 15    God:
                   SH:  0    Dex: 13

rFire   + + +      SeeInvis .      - Unarmed
rCold   x . .      Faith    .    (no shield)
rNeg    . . .      Spirit   .    a - +0 robe
rPois   ∞          Reflect  .    (helmet currently unavailable)
rElec   .          Harm     .    (no cloak)
rCorr   .          Rampage  .    (no gloves)
Will    .....                    (boots unavailable)
Stlth   +.........               (no amulet)
HPRegen 0.27/turn                n - ring of protection from fire
MPRegen 0.00/turn                (no ring)

@: appendages, corroded, flying
A: horns 2, flying, sickness immunity, fire resistance 2, cold vulnerability 1,
float, innate caster, HP casting, extra vitality 1
a: End Transformation


You were on level 4 of the Dungeon.
You had temporarily grown beastly horns.
You visited 1 branch of the dungeon, and saw 4 of its levels.

You collected 173 gold pieces.

Inventory:

Missiles
 f - 2 boomerangs
 g - 6 javelins
 m - 11 poisoned darts
Armour
 a - a +0 robe (worn)
 u - a +0 helmet (melded)
Jewellery
 n - a ring of protection from fire (left hand)
Scrolls
 d - a scroll of enchant weapon {unknown}
 k - a scroll of noise {unknown}
 p - 2 scrolls of amnesia {unknown}
 q - a scroll of enchant armour {unknown}
 s - 5 scrolls of identify {unknown}
 t - a scroll of fear {unknown}
 v - a scroll of teleportation {unknown}
 y - a scroll of butterflies {unknown}
Potions
 b - 2 potions of lignification {!q}
 c - 3 potions of cancellation {unknown}
 e - a potion of flight {unknown}
 h - a potion of curing {unknown}
 i - 2 potions of haste {unknown}
 j - a potion of ambrosia {unknown}
 l - a potion of berserk rage {unknown}
 o - a potion of brilliance {unknown}
 r - a potion of heal wounds {unknown}
 w - a potion of degeneration {unknown}
 x - a potion of might {unknown}


   Skills:
 - Level 1.0 Fighting
 - Level 2.1 Dodging
 + Level 5.6 Unarmed Combat
 + Level 3.9 Spellcasting


You couldn't memorise any spells.
You knew the following spells:

 Your Spells              Type           Power      Damage    Failure   Level
a - Beastly Appendage     Tmut           28%        N/A       3%          1
b - Wereblood             Tmut           14%        N/A       5%          2
c - Spider Form           Tmut/Pois      14%        N/A       11%         3
d - Ice Form              Ice/Tmut       14%        N/A       36%         4
e - Kiss of Death         Conj/Necr      56%        2d9       3%          1
f - Static Discharge      Conj/Air       28%        2-4/arc   5%          2
g - Mephitic Cloud        Conj/Pois/Air  14%        N/A       11%         3
Your spell library was empty.

Dungeon Overview and Level Annotations

Branches:
Dungeon (4/15)
 Temple: D:4-7

Altars:
Qazlal
Trog


Innate Abilities, Weirdness & Mutations

You have temporarily grown beastly horns.
You are flying.
You are immune to sickness and miasma.
You are immune to poison.
Your flesh is very heat resistant. (rF++)
You are vulnerable to cold. (rC-)
You float through the air rather than walking.
You learn spells naturally, not from books.
Your magical power is your life essence.
You have superior vitality. (+4 MHP)


Message History

The power to cast Mephitic Cloud wells up from within.
Spell assigned to 'g'.
The orc barely misses you. The orc closely misses you.
Things that are here:
a +0 dagger; an iguana corpse; a goblin corpse You bite the orc!
You kill the orc!
The orc hits you from afar with a +0 trident.
The orc shouts!
The orc hits you with a +0 trident.
Things that are here:
a +0 war axe; an orc corpse You hit the orc but do no damage.
The orc is poisoned.
The orc hits you with a +0 trident!
You hit the orc.
The orc is almost dead.
You kill the orc!
You bite the orc!
You kill the orc!
No target in view!
A jelly comes into view.
The jelly quivers.
Items here: )) [ ††.
Your transformation has ended.
Your +0 helmet unmelds from your body.
Your +0 robe unmelds from your body.
Casting: Spider Form (dangerous; 11% risk of failure)
Confirm with . or Enter, or press ? or * to list all spells.
You grow a pair of large bovine horns.
Your +0 helmet melds into your body.
You hit the jelly.
Your hands burn!
The jelly is lightly wounded.
The jelly hits you.
You are splashed with acid!
* * * LOW HITPOINT WARNING * * *
You hit the jelly.
Your hands burn!
* * * LOW HITPOINT WARNING * * *
You headbutt the jelly.
The jelly is heavily wounded.
The jelly hits you.
* * * LOW HITPOINT WARNING * * *
The acid corrodes you!
You are splashed with acid.
You die...

...... #.#....#### ....!.###
#.........# ........#
#.......∩.# ........####
#.......... $..........# ###
##....###.. ...........# #.#
#......#.. ...........# #.#
####.#.#....
...........###)###....#..##..
.##........J@).......###..###
..................#### ##..##
###...###.........########...
#..#. ####..#............##
#.##. ##......#......... #..
# .....#..######### ..
...#.###.# # .##.#.. .# #


You could see a jelly.

Vanquished Creatures
  Grinder (D:3)
  An iguana (D:4)
  Natasha (D:2)
  Robin (D:3)
  5 adders
  A worm (D:2)
  2 dart slugs (D:3)
  3 orcs (D:4)
  A ball python (D:2)
  5 endoplasms
  2 giant cockroaches
  16 goblins
  7 hobgoblins
  4 quokkas
  5 bats
  A frilled lizard (D:2)
  4 kobolds
  4 rats
64 creatures vanquished.

Notes
Turn   | Place    | Note
-------+----------+-------------------------------------------
     0 | D:1      | mopl the Djinni Transmuter began the quest for the Orb.
     0 | D:1      | mopl set off with the following spells memorised: Beastly
                  | Appendage, Wereblood, Spider Form, Ice Form.
     0 | D:1      | Reached XP level 1. HP: 17/17 MP: 0/0
   109 | D:1      | Reached XP level 2. HP: 22/22 MP: 0/0
   469 | D:1      | Reached skill level 2 in Spellcasting
   787 | D:2      | Reached XP level 3. HP: 18/27 MP: 0/0
   787 | D:2      | Learned a level 1 spell: Kiss of Death
   839 | D:2      | Found a bloodstained altar of Trog.
  1046 | D:2      | Noticed Natasha
  1057 | D:2      | Killed Natasha
  1058 | D:2      | Reached XP level 4. HP: 8/32 MP: 0/0
  1293 | D:2      | Found a stormy altar of Qazlal.
  1317 | D:2      | Reached skill level 4 in Unarmed Combat
  1563 | D:3      | Noticed Robin
  1571 | D:3      | Reached XP level 5. HP: 33/37 MP: 0/0
  1571 | D:3      | Learned a level 2 spell: Static Discharge
  1580 | D:3      | Killed Robin
  1657 | D:3      | Found a faded altar of an unknown god.
  1662 | D:3      | Noticed Grinder
  1680 | D:3      | Killed Grinder
  1681 | D:3      | Reached skill level 5 in Unarmed Combat
  1681 | D:3      | Reached skill level 3 in Spellcasting
  1681 | D:3      | Reached XP level 6. HP: 13/42 MP: 0/0
  2342 | D:4      | Reached XP level 7. HP: 38/47 MP: 0/0
  2342 | D:4      | Learned a level 3 spell: Mephitic Cloud
  2355 | D:4      | Splashed by a jelly's acid

Illustrated notes

Levels and vault maps discovered:
D:1:      erik_arrival_blinker_ship, layout_loops_cross
D:2:      layout_basic, basic_altar, minivault_27, minmay_hexomino_r4,
          uniq_natasha
D:3:      layout_rooms, hellmonk_ecumenical_altar_zigzags, uniq_grinder,
          uniq_robin
D:4:      minmay_chambers_of_fours, layout_rooms, serial_rivers,
          chequers_serial_rivers_small_a, chequers_serial_rivers_micro_b,
          chequers_serial_rivers_room_b, chequers_serial_rivers_room_b,
          chequers_serial_rivers_micro_e, abandoned_shop, uniq_menkaure,
          uniq_duvessa

Skill      XL: |  1  2  3  4  5 |
---------------+----------------+-----
Spellcasting   | 2 3 |  3.9
Unarmed Combat | 4 5 |  5.6
Fighting       | |  1.0
Dodging        | |  2.1

Action                   |  1- 3 |  4- 6 |  7- 9 || total
-------------------------+-------+-------+-------++-------
Melee: Unarmed           |   111 |   135 |     6 ||   252
       Headbutt          |     9 |     3 |     1 ||    13
       Punch             |     3 |     2 |       ||     5
 Cast: Beastly Appendage |    11 |     1 |     1 ||    13
       Wereblood         |     1 |     1 |       ||     2
       Spider Form       |       |     6 |       ||     6
 Stab: Sleeping          |     1 |       |       ||     1
Armor: Robe              |    15 |    30 |       ||    45
       Skin              |       |     3 |       ||     3
Dodge: Dodged            |    70 |    76 |     2 ||   148

Table legend: (Time is in decaauts)
 A = Elapsed time spent in this place.
 B = Non-inter-level travel time spent in this place.
 C = Inter-level travel time spent in this place.
 D = Time resting spent in this place.
 E = Time spent auto-exploring this place.
 F = Levels seen in this place.
 G = Mean time per level.
                   A        B        C        D        E       F      G
               +--------+--------+--------+--------+--------+-----+--------+
         Total |   2342 |   2261 |     81 |    201 |   1571 |   4 |  585.5 |
       Dungeon |   2342 |   2261 |     81 |    201 |   1571 |   4 |  585.5 |
               +--------+--------+--------+--------+--------+-----+--------+

Top non-repeatable levels by time:
     D:2: 863 daAuts
     D:1: 669 daAuts
     D:3: 615 daAuts
     D:4: 194 daAuts
